 Dungeon Crawl Stone Soup version 0.15-b1-129-g6fffc38 (webtiles) character file.

2496 HiobMontag the Reanimator (level 9, -1/70 HPs)
             Began as a Deep Dwarf Necromancer on Aug 27, 2014.
             Was a Believer of Vehumet.
             Slain by an unseen horror (4 damage)
             ... on Level 8 of the Dungeon on Aug 28, 2014.
             The game lasted 01:24:44 (8880 turns).

HiobMontag the Reanimator (Deep Dwarf Necromancer)  Turns: 8880, Time: 01:24:44

HP  -1/70        AC  2     Str 12      XL: 9   Next: 28%
MP  33/33        EV 13     Int 19      God: Vehumet [**....]
Gold 396         SH  0     Dex 13      Spells:  6 memorised,  8 levels left

rFire  . . .     SeeInvis .     b - +0 hand axe
rCold  + . .     Clarity  .     M - +0 robe
rNeg   . . .     rCorr    .     (no shield)
rPois  .         rRot     .     (no helmet)
rElec  .         Spirit   .     (no cloak)
SustAb .         Warding  .     (no gloves)
rMut   .         Stasis   .     (no boots)
Gourm  .                        (no amulet)
MR     +....                    C - ring of magical power
                                n - +3 ring of slaying

@: non-regenerating, somewhat resistant to hostile enchantments, unstealthy
A: damage resistance, recharge devices, cold resistance 1, sense surroundings 2,
slow healing 3, wild magic 1
a: Device Recharging, Renounce Religion


You were on level 8 of the Dungeon.
You worshipped Vehumet.
Vehumet was pleased with you.
You were hungry.

You visited 1 branch of the dungeon, and saw 8 of its levels.

You collected 396 gold pieces.

Inventory:

Hand weapons
 a - a +0 hunting sling
 b - a +0 hand axe (weapon)
 h - a +1 antimagic dagger
 o - a cursed +0 quarterstaff
 r - a +0 trident of flaming
 u - a +0 flail
 D - a +1 vampiric halberd
 L - a +0 long sword of protection
Missiles
 e - 67 stones
 k - 63 sling bullets
 l - 21 sling bullets of frost
 x - 18 poisoned needles
 I - 2 tomahawks (quivered)
Armour
 m - a +0 cloak
 z - a cursed -2 leather armour
 A - a +0 cloak
 M - a +0 robe (worn)
Magical devices
 c - a wand of heal wounds (0)
 j - a wand of flame (0)
 w - a wand of draining (0)
 G - a wand of frost (0)
 P - a wand of frost (7)
 Q - a wand of disintegration (12) {unknown}
Comestibles
 d - 4 bread rations
 p - a royal jelly
 q - 3 fruits
 E - 5 meat rations
 J - a beef jerky
Scrolls
 y - a scroll of fog
 H - 3 scrolls of remove curse
Jewellery
 n - a +3 ring of slaying (left hand)
 C - a ring of magical power (right hand)
 F - a cursed -2 ring of protection {unknown}
 N - an uncursed ring of protection from cold {unknown}
Potions
 f - a potion of brilliance
 g - a potion of mutation
 v - a potion of curing
 B - a potion of agility
 O - a potion of restore abilities
Books
 t - a book of Necromancy

   Spells                             Type                      Level
   *Pain                              Necromancy                   1
   *Animate Skeleton                  Necromancy                   1
   *Vampiric Draining                 Necromancy                   3
   Regeneration                       Charms/Necromancy            3
   *Animate Dead                      Necromancy                   4
   *Control Undead                    Necromancy                   4


   Skills:
 + Level 1.0 Fighting
 + Level 0.2 Axes
 + Level 0.2(1.9) Slings
 + Level 2.5 Throwing
 + Level 3.4 Dodging
 + Level 2.9 Stealth
 + Level 7.4 Spellcasting
 + Level 0.3 Conjurations
 + Level 9.7 Necromancy
 + Level 1.1 Evocations


You had 8 spell levels left.
You knew the following spells:

 Your Spells              Type           Power        Failure   Level  Hunger
a - Pain                  Necr           ####         1%          1    None
b - Animate Skeleton      Necr           N/A          1%          1    None
c - Vampiric Draining     Necr           ######....   2%          3    #......
d - Animate Dead          Necr           N/A          5%          4    ###....
e - Control Undead        Necr           ######....   5%          4    ###....
f - Flame Tongue          Conj/Fire      ##...        19%         1    None


Dungeon Overview and Level Annotations

Branches:
Dungeon (8/15)             Temple (0/1) D:6
   Lair: D:8-11

Altars:
Cheibriados
Fedhas
Makhleb
Vehumet

Shops:
D:7 :


Innate Abilities, Weirdness & Mutations

You are resistant to damage.
You can recharge devices by infusing magical energy.
You passively map the area around you.
You do not heal naturally.
Your flesh is cold resistant.
Your spells are a little harder to cast, but a little more powerful.


Message History

All of the chunks of flesh in your inventory have rotted away.
Found 15 gold pieces.
Your magical contamination has completely faded away.
Found a ring mail and a scroll of magic mapping.
Something hits you.
* * * LOW HITPOINT WARNING * * *
Deactivating autopickup; reactivate with Ctrl-A.
Found a scroll of teleportation.
Eat which item? (? for menu, Esc to quit)
Okay, then.
Something hits you.
* * * LOW HITPOINT WARNING * * *
Something hits you.
* * * LOW HITPOINT WARNING * * *
Drink which item? (? for menu, Esc to quit)
You feel better. Something hits you!
* * * LOW HITPOINT WARNING * * *
Something hits you but does no damage.
You hit something but do no damage. Something hits you.
You die...

, #######.####.#######*
,,
......................
,,
#######.####.#####*#. ,
, , ,* #.# #. ,
.########.####.########
, ,
................[......
, ,,
####...#...###..#######
, ,, ,##.........## , ,
#....@......# , , ,,,
#...........# * ,* * *
, , , ,#....$......# *
## , , ##.........##
... ,, , ##...#.?.##
### * , , ,?..###..# #
* * **###.,, ..# * ## *
... , ,,,, . * # * *


There were no monsters in sight!

Vanquished Creatures
  Joseph (D:7)
  Grinder (D:4)
  Edmund (D:5)
  Menkaure (D:7)
  2 sky beasts
  An ice beast (D:7)
  A centaur (D:4)
  An ogre (D:8)
  Sigmund (D:5)
  2 giant frogs (D:6)
  A scorpion (D:6)
  A yak zombie (D:8)
  A yak skeleton (D:7)
  2 crimson imps
  A goliath beetle (D:6)
  2 iguanas
  5 orc priests
  A jelly (D:7)
  Natasha (twice) (D:6)
  4 orc wizards
  4 worker ants
  9 adders
  2 worms (D:3)
  3 orc skeletons
  An orc zombie (D:7)
  6 giant geckos
  2 oozes
  18 orcs
  A giant cockroach (D:2)
  7 hobgoblins
  4 jackals (D:5)
  8 kobolds
  A quokka (D:3)
  2 ball pythons
  8 bats
  5 giant newts
  A giant spore (D:5)
  10 goblins
  10 rats
  A ballistomycete (D:5)
135 creatures vanquished.

Vanquished Creatures (collateral kills)
  A phantom (D:6)
  A centaur (D:6)
  A giant frog (D:5)
  A crimson imp (D:6)
  2 jellies
  A giant frog skeleton (D:7)
  A hound (D:6)
  An orc priest (D:2)
  A big kobold zombie (D:7)
  Natasha (D:6)
  A giant mite (D:6)
  A worm (D:2)
  A bat skeleton (D:7)
  A giant cockroach (D:2)
  2 goblins
  2 hobgoblins
  A ball python (D:4)
  A bat (D:4)
  A giant gecko zombie (D:5)
  A hobgoblin skeleton (D:5)
  An orc zombie (D:6)
  2 rats
  A ballistomycete (D:5)
27 creatures vanquished.

Vanquished Creatures (others)
  A centaur skeleton (D:4)
  A hound skeleton (D:6)
  A felid skeleton (D:6)
  4 orc skeletons
  2 adder skeletons
  2 orcs (D:5)
  6 bat skeletons
  A giant mite zombie (D:6)
  3 ball python skeletons
  3 giant gecko skeletons
  A giant newt skeleton (D:4)
  A giant spore (D:5)
  4 goblin skeletons
  4 hobgoblin skeletons
  2 jackal skeletons (D:5)
  4 kobold skeletons
  4 rat skeletons
44 creatures vanquished.

Grand Total: 206 creatures vanquished

Notes
Turn   | Place    | Note
--------------------------------------------------------------
     0 | D:1      | HiobMontag, the Deep Dwarf Necromancer, began the quest for the Orb.
     0 | D:1      | Reached XP level 1. HP: 15/15 MP: 2/2
    45 | D:1      | Learned a level 1 spell: Animate Skeleton
   528 | D:1      | Reached XP level 2. HP: 14/22 MP: 0/3
  1520 | D:2      | Reached skill level 5 in Necromancy
  1558 | D:2      | Reached XP level 3. HP: 17/28 MP: 1/6
  1637 | D:2      | Learned a level 3 spell: Vampiric Draining
  1818 | D:2      | Found a radiant altar of Vehumet.
  1846 | D:2      | Became a worshipper of Vehumet
  2203 | D:2      | Reached XP level 4. HP: 16/36 MP: 0/8
  2472 | D:3      | Reached XP level 5. HP: 15/42 MP: 2/11
  2712 | D:3      | Upgraded the game from 0.15-b1-128-gb969795 to 0.15-b1-129-g6fffc38
  3522 | D:3      | Reached skill level 6 in Necromancy
  3762 | D:3      | Learned a level 4 spell: Animate Dead
  3941 | D:4      | Noticed a centaur
  3945 | D:4      | Killed a centaur
  3945 | D:4      | Reached XP level 6. HP: 29/49 MP: 12/15
  4093 | D:4      | Noticed Grinder
  4127 | D:4      | Paralysed by Grinder for 6 turns
  4150 | D:4      | Killed Grinder
  4150 | D:4      | Reached skill level 1 in Throwing
  4150 | D:4      | Reached XP level 7. HP: 32/56 MP: 17/17
  4605 | D:4      | Found a blossoming altar of Fedhas.
  4683 | D:4      | Acquired Vehumet's first power
  4683 | D:4      | Offered knowledge of Flame Tongue by Vehumet.
  4857 | D:4      | Learned a level 4 spell: Control Undead
  4859 | D:4      | Learned a level 1 spell: Flame Tongue
  5036 | D:5      | Entered Level 5 of the Dungeon
  5070 | D:5      | Reached skill level 7 in Necromancy
  5454 | D:5      | Reached skill level 5 in Spellcasting
  5628 | D:5      | Found a snail-covered altar of Cheibriados.
  6385 | D:5      | Noticed Sigmund
  6406 | D:5      | Killed Sigmund
  6421 | D:5      | Noticed Edmund
  6431 | D:5      | Killed Edmund
  6627 | D:5      | Reached XP level 8. HP: 43/63 MP: 20/20
  7095 | D:6      | Noticed Natasha
  7099 | D:6      | Killed Natasha
  7099 | D:6      | Reached skill level 8 in Necromancy
  7295 | D:6      | Found a staircase to the Ecumenical Temple.
  7379 | D:6      | Your ally Natasha died
  7382 | D:6      | Killed Natasha
  7383 | D:6      | Noticed Natasha
  7386 | D:6      | Killed Natasha
  7709 | D:6      | Offered knowledge of Freeze by Vehumet.
  7804 | D:7      | Noticed Joseph
  7820 | D:7      | Killed Joseph
  7820 | D:7      | Reached skill level 9 in Necromancy
  7820 | D:7      | Gained mutation: You passively map the area around you. [level up]
  7820 | D:7      | Reached XP level 9. HP: 30/69 MP: 11/23
  8035 | D:7      | Found a burning altar of Makhleb.
  8035 | D:7      | Found a blossoming altar of Fedhas.
  8305 | D:7      | Noticed Menkaure
  8322 | D:7      | Killed Menkaure
  8380 | D:7      | Gained mutation: Your spells are a little harder to cast, but a little more powerful. [potion of mutation]
  8380 | D:7      | Gained mutation: Your flesh is cold resistant. [potion of mutation]
  8401 | D:7      | Found Ghoatsio's Book Boutique.
  8440 | D:7      | Reached skill level 1 in Evocations
  8738 | D:8      | Reached skill level 1 in Fighting
  8878 | D:8      | HP: 3/70 [something (6)]
  8880 | D:8      | Slain by an unseen horror

Action                   |  1- 3 |  4- 6 |  7- 9 || total
-------------------------+-------+-------+-------++-------
Melee: Quarterstaff      |       |    18 |       ||    18
       Hand axe          |       |    11 |    35 ||    46
 Fire: Hunting sling     |       |       |    16 ||    16
Throw: Stone             |     9 |    68 |    16 ||    93
       Tomahawk          |       |       |    25 ||    25
 Cast: Pain              |    49 |    27 |    50 ||   126
       Animate Skeleton  |    17 |    18 |    32 ||    67
       Vampiric Draining |     4 |    23 |    99 ||   126
       Flame Tongue      |       |       |    23 ||    23
       Animate Dead      |       |       |     5 ||     5
       Control Undead    |       |       |    10 ||    10
Evoke: Wand              |     3 |     6 |     9 ||    18
  Use: Scroll            |     3 |     2 |     7 ||    12
       Potion            |       |       |    12 ||    12
 Stab: Distracted        |       |       |     1 ||     1
  Eat: Chunk             |     6 |     9 |    21 ||    36
